 Dungeon Crawl Stone Soup version 0.27.1 (webtiles) character file.

Game seed: 8580622670481884527

421522 Renzlar the Tortoise (level 23, -1/185 HPs)
             Began as a Gnoll Fighter on Aug 29, 2021.
             Was the Champion of Okawaru.
             Slain by a spriggan defender simulacrum (5 damage)
             ... summoned by an orange crystal statue
             ... on level 3 of a ziggurat on Aug 31, 2021.
             The game lasted 06:02:56 (53305 turns).

Renzlar the Tortoise (Gnoll Fighter)               Turns: 53305, Time: 06:02:56

Health: -1/185     AC: 32    Str: 24      XL:     23   Next: 72%
Magic:  51/51      EV: 15    Int:  9 (12) God:    Okawaru [******]
Gold:   1966       SH:  0    Dex: 13      Spells: 2/52 levels left

rFire    + + .     SeeInvis +   a - +4 broad axe (elec)
rCold    + + +     Faith    .   n - +1 kite shield {rC+}
rNeg     . . .     Spirit   .   Q - +7 chain mail of Decaying Freedom {rC+++ Regen+ Int-5 SInv}
rPois    +         Reflect  .   M - +2 hat
rElec    +         Harm     .   i - +0 cloak
rCorr    +         Rampage  .   U - +2 pair of gloves "Tengoog" {MP+9 Int+6}
Will     +....                  W - +1 pair of boots {Fly}
Stlth    ..........             y - amulet "Meyxkied" {rElec Regen+ Stlth+}
HPRegen  2.40/turn              P - ring "Tymed" {rF+ Str+5}
MPRegen  0.32/turn              j - +4 ring of slaying

@: confused, resistant, flying, studying 3 skills
A: fangs 1, strong nose, distributed training, horns 1, poison resistance, weak
1
}: 2/15 runes: decaying, serpentine
a: Renounce Religion, Heroism, Finesse


You were on level 3 of a ziggurat.
You worshipped Okawaru.
Okawaru was exalted by your worship.
You visited 9 branches of the dungeon, and saw 41 of its levels.
You visited 1 ziggurat, and saw 3 of its levels.
You also visited: Sewer, Bailey, Ice Cave and Volcano.

You collected 5485 gold pieces.
You spent 3519 gold pieces at shops.

Inventory:

Hand Weapons
 a - a +4 broad axe of electrocution (weapon)
 b - the +11 spear "Nenon" {venom, Int+4}
   (You found it on level 6 of the Dungeon)

   It poisons the flesh of those it strikes.
   Int:       It affects your intelligence (+4).
 c - the +9 hunting sling "Soqus" {venom, rF- rN+ rCorr}
   (Okawaru gifted it to you on level 3 of the Elven Halls)

   Any ammunition fired from it poisons the flesh of those it strikes.
   rF:        It makes you vulnerable to fire.
   rN:        It protects you from negative energy.
   rCorr:     It protects you from acid and corrosion.
 d - the +8 trident of Risk Management {freeze, +Blink +Rage rCorr Int-2}
   (You took it off a deep elf archer on level 3 of the Elven Halls)

   It freezes those it strikes, dealing additional cold damage.
   It can also slow down cold-blooded creatures.
   Int:       It affects your intelligence (-2).
   +Blink:    It lets you blink.
   +Rage:     It lets you go berserk.
   rCorr:     It protects you from acid and corrosion.
 f - a +1 hand crossbow of freezing
 h - the +7 quick blade "Kegoloqo" {freeze, MP+9}
   (Okawaru gifted it to you on level 2 of the Depths)

   It freezes those it strikes, dealing additional cold damage.
   It can also slow down cold-blooded creatures.
   MP:        It affects your magic capacity (+9).
 s - the +10 hand axe of Focus {pain, +Blink rCorr}
   (Okawaru gifted it to you on level 2 of the Lair of Beasts)

   In the hands of one skilled in necromantic magic, it inflicts extra damage on
   living creatures.
   +Blink:    It lets you blink.
   rCorr:     It protects you from acid and corrosion.
 w - a +3 scimitar of flaming
Missiles
 g - 527 bolts
 o - 410 sling bullets
 t - 133 poisoned darts
 C - 10 curare-tipped darts (quivered)
 L - 1486 stones
Armour
 i - a +0 cloak (worn)
 n - a +1 kite shield of cold resistance (worn)
 M - a +2 hat (worn)
 Q - the +7 chain mail of Decaying Freedom (worn) {rC+++ Regen+ Int-5 SInv}
   (You bought it in a shop on level 2 of the Orcish Mines)

   Int:       It affects your intelligence (-5).
   rC:        It renders you almost immune to cold.
   SInv:      It lets you see invisible.
   Regen:     It increases your rate of health regeneration.
 U - the +2 pair of gloves "Tengoog" (worn) {MP+9 Int+6}
   (Okawaru gifted it to you on level 12 of the Dungeon)

   Int:       It affects your intelligence (+6).
   MP:        It affects your magic capacity (+9).
 W - a +1 pair of boots of flying (worn)
Jewellery
 j - a +4 ring of slaying (right hand)
 r - the amulet of Tyus Erch {Reflect Will++ SH+5}
   (You found it on level 10 of the Dungeon)

   [amulet of reflection]

   It reflects blocked missile attacks.
   SH:        It affects your SH (+5).
   Will:      It greatly increases your willpower.
 u - the ring of Conversion {rF+ rCorr AC+4 SInv}
   (You took it off a centaur warrior on level 10 of the Dungeon)

   [ring of protection]

   AC:        It affects your AC (+4).
   rF:        It protects you from fire.
   SInv:      It lets you see invisible.
   rCorr:     It protects you from acid and corrosion.
 y - the amulet "Meyxkied" (around neck) {rElec Regen+ Stlth+}
   (You took it off a yaktaur on level 10 of the Dungeon)

   [amulet of regeneration]

   rElec:     It insulates you from electricity.
   Regen:     It increases your rate of health regeneration.
   Stlth:     It makes you more stealthy.
 J - a ring of positive energy
 P - the ring "Tymed" (left hand) {rF+ Str+5}
   (You found it on level 10 of the Dungeon)

   [ring of protection from fire]

   Str:       It affects your strength (+5).
   rF:        It protects you from fire.
 X - the ring of Zir Ses {Contam rF+ rN+ Will+ Str+2 Dex+2}
   (You found it on level 2 of the Swamp)

   [ring of protection from fire]

   Str:       It affects your strength (+2).
   Dex:       It affects your dexterity (+2).
   rF:        It protects you from fire.
   rN:        It protects you from negative energy.
   Contam:    It causes magical contamination when unequipped.
   Will:      It increases your willpower.
 Z - the ring of the Final Decision {rPois rC- EV+4 Str+4 Slay+3}
   (You bought it in a shop on level 4 of the Snake Pit)

   [ring of evasion]

   EV:        It affects your evasion (+4).
   Str:       It affects your strength (+4).
   Slay:      It affects your accuracy & damage with ranged weapons and melee
   (+3).
   rC:        It makes you vulnerable to cold.
   rPois:     It protects you from poison.
Wands
 m - a wand of paralysis (29)
 B - a wand of charming (25)
 E - a wand of flame (38)
 K - a wand of digging (7)
 R - a wand of iceblast (38)
 V - a wand of acid (9)
 Y - a wand of mindburst (22)
Scrolls
 e - 6 scrolls of fear
 p - 3 scrolls of magic mapping
 v - 4 scrolls of summoning
 x - 5 scrolls of blinking
 H - 16 scrolls of identify
 I - 21 scrolls of teleportation
 S - 3 scrolls of fog
 T - 8 scrolls of amnesia
Potions
 k - 3 potions of magic
 l - 2 potions of invisibility
 z - 3 potions of might
 A - 5 potions of heal wounds
 D - 2 potions of flight
 G - 23 potions of curing
 N - 2 potions of cancellation
 O - 11 potions of haste
Miscellaneous
 q - a condenser vane


   Skills:
 + Level 16.3 Fighting
 + Level 15.3 Short Blades
 + Level 15.3 Long Blades
 + Level 15.8 Axes
 + Level 15.3 Maces & Flails
 + Level 15.3 Polearms
 + Level 15.3 Staves
 + Level 15.3 Slings
 + Level 15.3 Bows
 + Level 17.5 Crossbows
 + Level 15.3 Throwing
 + Level 18.5 Armour
 + Level 15.3 Dodging
 + Level 16.5 Stealth
 + Level 16.3 Shields
 + Level 15.3 Unarmed Combat
 + Level 15.3 Spellcasting
 + Level 13.2 Conjurations
 + Level 13.2 Hexes
 + Level 13.2 Summonings
 + Level 13.2 Necromancy
 + Level 13.2 Translocations
 + Level 13.2 Transmutations
 + Level 13.2 Fire Magic
 + Level 13.2 Ice Magic
 + Level 13.2 Air Magic
 + Level 13.2 Earth Magic
 + Level 13.2 Poison Magic
 + Level 16.4 Invocations
 + Level 15.3 Evocations


You had 2 spell levels left.
You knew the following spells:

 Your Spells              Type           Power      Damage    Failure   Level
a - Frozen Ramparts       Ice            60%        1d8       1%          3
b - Olgreb's Toxic Radia  Pois           30%        N/A       1%          4
c - Animate Armour        Summ/Erth      60%        N/A       1%          4
d - Freezing Cloud        Conj/Ice/Air   15%        6-21      3%          5
e - Irradiate             Conj/Tmut      15%        3d18      3%          5
f - Wereblood             Tmut           30%        N/A       1%          2
g - Ignite Poison         Fire/Tmut/Pois 30%        N/A       1%          3
h - Portal Projectile     Hex/Tloc       60%        N/A       1%          3
i - Sticky Flame          Conj/Fire      30%        2d5       1%          4
j - Statue Form           Tmut/Erth      20%        N/A       21%         6
k - Manifold Assault      Tloc           30%        N/A       3%          5
l - Starburst             Conj/Fire      15%        6d6       21%         6

Your spell library contained the following spells:

 Spells                   Type           Power      Damage    Failure   Level
 Animate Skeleton         Necr           60%        N/A       1%          1
 Apportation              Tloc           60%        N/A       1%          1
 Corona                   Hex            33%        N/A       1%          1
 Foxfire                  Conj/Fire      100%       2x1d9     1%          1
 Freeze                   Ice            100%       1d11      1%          1
 Sandblast                Erth           60%        2d14      1%          1
 Shock                    Conj/Air       100%       1d9       1%          1
 Summon Small Mammal      Summ           100%       N/A       1%          1
 Blink                    Tloc           N/A        N/A       1%          2
 Corpse Rot               Necr/Air       N/A        N/A       1%          2
 Passwall                 Tmut/Erth      25%        N/A       1%          2
 Poisonous Vapours        Pois/Air       60%        N/A       1%          2
 Searing Ray              Conj           60%        3d5       1%          2
 Slow                     Hex            30%        N/A       1%          2
 Static Discharge         Conj/Air       30%        N/A       1%          2
 Sublimation of Blood     Necr           15%        N/A       1%          2
 Confusing Touch          Hex            30%        N/A       1%          3
 Conjure Flame            Conj/Fire      30%        6-21      1%          3
 Dazzling Flash           Conj/Hex       60%        N/A       1%          3
 Gell's Gravitas          Tloc           15%        N/A       1%          3
 Inner Flame              Hex/Fire       30%        N/A       1%          3
 Lesser Beckoning         Tloc           15%        N/A       1%          3
 Ozocubu's Armour         Ice            30%        N/A       1%          3
 Stone Arrow              Conj/Erth      60%        3d10      1%          3
 Swiftness                Air            30%        N/A       1%          3
 Teleport Other           Tloc           30%        N/A       1%          3
 Vampiric Draining        Necr           15%        2d8       1%          3
 Airstrike                Air            15%        N/A       1%          4
 Animate Dead             Necr           15%        N/A       1%          4
 Dispel Undead            Necr           30%        3d14      1%          4
 Hailstorm                Conj/Ice       30%        3d8       1%          4
 Iskenderun's Mystic Bla  Conj/Tloc      30%        2d8       1%          4
 Petrify                  Tmut/Erth      30%        N/A       1%          4
 Summon Ice Beast         Ice/Summ       30%        N/A       1%          4
 Summon Lightning Spire   Summ/Air       30%        N/A       1%          4
 Alistair's Intoxication  Tmut/Pois      20%        N/A       3%          5
 Blade Hands              Tmut           15%        N/A       3%          5
 Excruciating Wounds      Necr           15%        N/A       3%          5
 Lee's Rapid Deconstruct  Erth           15%        3d11*     3%          5
 Lightning Bolt           Conj/Air       15%        1d29      3%          5
 Summon Forest            Summ/Tloc      15%        N/A       3%          5
 Summon Mana Viper        Hex/Summ       30%        N/A       3%          5
 Yara's Violent Unravell  Hex/Tmut       15%        3d8       3%          5
 Conjure Ball Lightning   Conj/Air       15%        3x3d6     21%         6
 Death Channel            Necr           15%        N/A       21%         6
 Dispersal                Tloc           15%        N/A       21%         6
 Eringya's Noxious Bog    Tmut/Pois      15%        N/A       21%         6
 Invisibility             Hex            15%        N/A       21%         6
 Iron Shot                Conj/Erth      15%        9d4       21%         6
 Monstrous Menagerie      Summ           15%        N/A       75%         7
 Ozocubu's Refrigeration  Ice            15%        4d8       75%         7
 Storm Form               Tmut/Air       15%        N/A       75%         7
 Summon Hydra             Summ           15%        N/A       75%         7
 Borgnjor's Revivificati  Necr           15%        N/A       100%        8
 Discord                  Hex            15%        N/A       100%        8
 Disjunction              Tloc           15%        N/A       100%        8
 Ignition                 Fire           15%        3d6       100%        8
 Lehudib's Crystal Spear  Conj/Erth      15%        10d5      100%        8
 Maxwell's Capacitive Co  Air            15%        ∞         100%        8
 Chain Lightning          Conj/Air       15%        3d20      100%        9


Dungeon Overview and Level Annotations

Branches:
Dungeon (15/15)            Temple (1/1) D:7            Lair (6/6) D:11
  Swamp (4/4) Lair:4        Snake (4/4) Lair:4        Slime (0/5) Lair:5
    Orc (2/2) D:11            Elf (3/3) Orc:2        Vaults (1/5) D:14
 Depths (5/5) D:15          Sewer (visited)          Bailey (visited)
  IceCv (visited)         Volcano (visited)
    Zot: Depths:5

Altars:
Ashenzari
Cheibriados
Dithmenos
Fedhas
Gozag
Kikubaaqudgha
Makhleb
Okawaru
Qazlal
Ru
Sif Muna
Trog
Uskayaw
Vehumet
Wu Jian
Xom
Yredelemnul
Zin
The Shining One
Beogh
Jiyva

Shops:
D:11 :   Orc:2 [***   Elf:1 =:=*   Elf:3 :   Snake:2 (*   Snake:3 :*
Snake:4 =   Vaults:1 !

Portals:
Hell: Depths:1 Depths:2 Depths:3 Depths:4
Abyss: Depths:3 Depths:4
Trove: Elf:1 (give 6 scrolls of fog)

Annotations:
D:11 2 runed translucent doors, RatsInWalls's ghost, journeyman TrCK
Depths:4 2 transporters
Zig:3 exclusions: ice statue and orange crystal statue


Innate Abilities, Weirdness & Mutations

You have very sharp teeth.
Your uncanny sense of smell can sniff out nearby items.
Your experience applies equally to all skills.
You have a pair of small horns on your head.
Your system is resistant to poisons. (rPois)
You are weak. (Str -2)


Message History

* * * LOW HITPOINT WARNING * * *
The ice dragon bites you.
* * * LOW HITPOINT WARNING * * *
The ice dragon claws you!
* * * LOW HITPOINT WARNING * * *
The ice dragon tramples you but does no damage.
The ice dragon closely misses you. The ice dragon misses you.
The ice dragon barely misses you.
The ice beast hits you but does no damage.
The blizzard demon hits you!
* * * LOW HITPOINT WARNING * * *
The blizzard demon hits you but does no damage.
The Ice Fiend calls on the powers of darkness!
The ice beast convulses!
The ice dragon convulses!
The ice beast convulses!
The shard shrike convulses!
Your body is wracked with pain!
* * * LOW HITPOINT WARNING * * *
The ice dragon convulses!
Unknown command.
Unknown command.
Your chain mail of Decaying Freedom prevents you from hitting the spriggan defender simulacrum.
You bite the spriggan defender simulacrum.
The spriggan defender simulacrum is heavily damaged.
You hit the ice dragon. You hit the ice beast.
You barely miss the blizzard demon.
You hit the ice dragon but do no damage.
Lightning courses through the ice dragon!
The spriggan defender simulacrum hits you.
* * * LOW HITPOINT WARNING * * *
The spriggan defender simulacrum freezes you!
You resist.
* * * LOW HITPOINT WARNING * * *
The ice dragon breathes frost at you. The blast of cold hits you. You resist.
* * * LOW HITPOINT WARNING * * *
The blast of cold hits the ice dragon.
The ice dragon resists.
The ice dragon dies!
The ice dragon's corpse dissolves into shadows!
The ice beast completely misses you.
The spriggan defender simulacrum hits you.
You die...

▓▓▓▓▓▓▓▓▓
▓▓..D...8▓▓
▓▓.Z@.Y....▓
▓▓...Y2...1!∩
▓.∩..b...../>
▓▓..........∩
▓▓.........▓
▓▓......8▓▓
▓▓▓▓▓▓▓▓▓


You could see a shard shrike, an Ice Fiend, an ice dragon (summoned), an ice
statue, an orange crystal statue, a blizzard demon (summoned), 2 ice beasts and
a spriggan defender simulacrum (summoned).

Vanquished Creatures
  Mara (Snake:4)
  Vashnia (Snake:4)
  4 golden dragons
  Nikola (Swamp:4)
  A bone dragon (Depths:5)
  Jorgrun (D:13)
  Rupert (Lair:4)
  3 liches
  A tentacled monstrosity (Depths:5)
  2 deep elf master archers (Elf:3)
  3 sphinxes
  Kirke (Swamp:4)
  3 nagarajas (Snake:4)
  2 storm dragons
  A fenstrider witch (Swamp:3)
  8 fire giants
  A rockslime (Zig:2)
  2 tengu reavers
  Roxanne (D:15)
  10 frost giants
  4 deep elf sorcerers
  Louise (Depths:3)
  Aizul (Snake:1)
  2 spriggan defenders (Depths:5)
  An angel (Depths:5)
  2 deep elf elementalists (Elf:3)
  2 orc warlords
  A war gargoyle (Vaults:1)
  8 stone giants
  The ghost of xfalz the Thaumaturge, a journeyman GnSk of Ashenzari (Swamp:2)
  3 ironbound preservers (Vaults:1)
  4 very ugly things
  A green draconian (Depths:5)
  6 deep elf demonologists
  2 black draconians (Depths:5)
  Nessos (D:15)
  A red draconian (Depths:5)
  An entropy weaver (Vaults:1)
  9 deep elf annihilators
  A purple draconian (Depths:5)
  4 bunyips
  2 white draconians
  A yellow draconian (Depths:5)
  8 spark wasps
  A crystal guardian (Vaults:1)
  3 eleionomae
  6 ettins
  5 deep elf death magi (Elf:3)
  A merfolk impaler (Depths:1)
  3 deep elf high priests (Elf:3)
  12 fire dragons
  Josephine (Orc:1)
  2 shambling mangroves (Swamp:4)
  Fannar (D:11)
  8 great orbs of eyes
  2 yaktaur captains (Vaults:1)
  A salamander tyrant (Snake:4)
  3 ironbound thunderhulks (Vaults:1)
  Erolcha (D:13)
  2 centaur warriors
  21 hydras
  5 ironbound frosthearts
  A peacekeeper (Vaults:1)
  13 boulder beetles
  3 spriggan air magi
  8 ice dragons
  4 rakshasas
  4 ogre magi
  14 naga warriors
  A death knight (D:10)
  A catoblepas (Lair:6)
  2 ghost crabs (Swamp:1)
  13 anacondas
  27 dancing weapons
  8 alligators
  9 death yaks
  Erica (D:8)
  2 vampire magi (Depths:2)
  15 deep troll shamans
  8 tengu warriors
  18 two-headed ogres
  10 deep troll earth magi
  An orc high priest (Elf:2)
  A shock serpent (shapeshifter) (D:15)
  An ironbound beastmaster (Vaults:1)
  6 spriggan berserkers
  15 spriggans
  9 shock serpents
  7 naga sharpshooters
  A soul eater (Depths:3)
  14 deep elf knights
  3 sea snakes (Snake:3)
  5 iron trolls
  8 goliath frogs
  A sea snake (shapeshifter) (Depths:1)
  47 deep trolls
  5 deep elf archers
  2 flayed ghosts
  9 swamp dragons
  A phantasmal warrior (Vaults:1)
  5 glowing orange brains
  2 orange crystal statues
  10 wizards
  5 naga ritualists
  5 spriggan druids
  3 large abominations (Elf:3)
  An obsidian statue (Zig:3)
  13 bog bodies
  7 lindwurms
  2 ironbound convokers (Vaults:1)
  5 mana vipers
  5 necromancers
  21 deep elf pyromancers
  An oklob plant (Lair:6)
  A wolf spider (Lair:5)
  6 orc knights
  3 manticores
  27 deep elf zephyrmancers
  2 orc sorcerers
  2 will-o-the-wisps
  41 ugly things
  20 elephants
  7 cyclopes
  A salamander (shapeshifter) (D:12)
  5 toenail golems (Volcano)
  8 salamanders
  27 black mambas
  3 vault sentinels (Vaults:1)
  8 guardian serpents
  An elephant (shapeshifter) (D:15)
  An ice statue (D:13)
  2 centaur zombies
  14 naga magi
  2 gargoyles
  13 cane toads
  A molten gargoyle (Depths:2)
  A kobold demonologist (D:13)
  An unseen horror (D:12)
  17 rime drakes
  3 torpor snails
  7 komodo dragons
  8 yaktaurs
  2 efreet
  6 tengu conjurers
  A freezing wraith (D:15)
  15 tyrant leeches
  A jumping spider (Vaults:1)
  A meliai (D:12)
  13 trolls
  2 bloated husks
  18 polar bears
  16 hornets
  13 slime creatures
  Prince Ribbit (D:5)
  4 dream sheep (Lair:6)
  23 blink frogs
  An air elemental (Elf:2)
  Sigmund (D:2)
  A centaur simulacrum (D:14)
  3 redbacks (Vaults:1)
  A yak (shapeshifter) (D:14)
  15 water elementals
  10 wraiths
  4 vampires
  4 wyverns
  70 yaks
  8 fire bats
  A fire elemental (Elf:2)
  A golden eye (Zig:2)
  4 steam dragons
  9 basilisks
  3 minotaur simulacra (Swamp:2)
  11 vampire mosquitoes
  14 swamp worms
  33 nagas
  4 harpy simulacra (Swamp:2)
  2 acid dragons
  2 wargs
  14 water moccasins
  Duvessa (D:6)
  5 swamp drakes
  27 orc warriors
  4 black bears
  2 sky beasts
  3 necrophages
  26 ogres
  An alligator simulacrum (Swamp:2)
  An ogre (shapeshifter) (D:15)
  5 centaurs
  33 wolves
  2 phantoms
  5 kobold brigands
  3 elf zombies (Elf:3)
  11 bullfrogs
  Blork the orc (D:5)
  3 scorpions
  2 earth elementals
  Dowan (D:6)
  12 killer bees
  3 electric eels
  4 howler monkeys
  A crimson imp (D:6)
  2 jellies
  A gnoll shaman (D:5)
  10 orc priests
  2 bullfrog skeletons
  Crazy Yiuf (D:4)
  3 iguanas
  Natasha (thrice) (D:2)
  15 orc wizards
  6 hell rats (Lair:4)
  A killer bee zombie (D:5)
  2 hound skeletons
  A howler monkey zombie (D:7)
  13 gnolls
  17 adders
  6 river rats (D:4)
  2 shadow imps (D:7)
  A white imp (D:6)
  2 ufetubi
  An adder skeleton (D:4)
  5 worms
  4 dart slugs (D:4)
  60 orcs
  8 ball pythons
  11 endoplasms
  3 giant cockroaches
  5 hobgoblins
  12 jackals
  2 quokkas
  A bat (D:3)
  6 frilled lizards
  5 goblins
  25 kobolds
  7 rats
1539 creatures vanquished.

Vanquished Creatures (collateral kills)
  A deep elf death mage (Elf:3)
  A bat (D:1)
  A kobold (D:1)
3 creatures vanquished.

Vanquished Creatures (others)
  A naga warrior (Snake:4)
  A tengu warrior (Depths:1)
  A deep elf zephyrmancer (Elf:2)
  A will-o-the-wisp (Swamp:2)
  A tyrant leech (Swamp:4)
  2 bloated husks (Swamp:2)
  3 hornets (Swamp:4)
  2 humans (Swamp:4)
  4 orcs
  4 foxfires
  31 fungi
  58 plants
109 creatures vanquished.

Grand Total: 1651 creatures vanquished

Notes
Turn   | Place    | Note
-------+----------+-------------------------------------------
     0 | D:1      | Renzlar the Gnoll Fighter began the quest for the Orb.
     0 | D:1      | Reached XP level 1. HP: 23/23 MP: 1/1
   257 | D:1      | Reached XP level 2. HP: 29/29 MP: 2/2
  1351 | D:2      | Found a broken altar of Ashenzari.
  1490 | D:2      | Reached XP level 3. HP: 34/35 MP: 2/4
  1564 | D:2      | Noticed Natasha
  1571 | D:2      | Killed Natasha
  1572 | D:2      | Reached skill level 1 in Short Blades
  1572 | D:2      | Reached skill level 1 in Long Blades
  1572 | D:2      | Reached skill level 1 in Maces & Flails
  1572 | D:2      | Reached skill level 1 in Polearms
  1572 | D:2      | Reached skill level 1 in Staves
  1572 | D:2      | Reached skill level 1 in Slings
  1572 | D:2      | Reached skill level 1 in Bows
  1572 | D:2      | Reached skill level 1 in Crossbows
  1572 | D:2      | Reached skill level 1 in Throwing
  1572 | D:2      | Reached skill level 1 in Dodging
  1572 | D:2      | Reached skill level 1 in Stealth
  1572 | D:2      | Reached skill level 1 in Unarmed Combat
  1572 | D:2      | Reached skill level 1 in Spellcasting
  1572 | D:2      | Reached skill level 1 in Invocations
  1572 | D:2      | Reached skill level 1 in Evocations
  1608 | D:2      | Reached XP level 4. HP: 41/41 MP: 5/5
  1634 | D:2      | Noticed Sigmund
  1650 | D:2      | Killed Sigmund
  1651 | D:2      | Reached skill level 1 in Conjurations
  1651 | D:2      | Reached skill level 1 in Hexes
  1651 | D:2      | Reached skill level 1 in Summonings
  1651 | D:2      | Reached skill level 1 in Necromancy
  1651 | D:2      | Reached skill level 1 in Translocations
  1651 | D:2      | Reached skill level 1 in Transmutations
  1651 | D:2      | Reached skill level 1 in Fire Magic
  1651 | D:2      | Reached skill level 1 in Ice Magic
  1651 | D:2      | Reached skill level 1 in Air Magic
  1651 | D:2      | Reached skill level 1 in Earth Magic
  1651 | D:2      | Reached skill level 1 in Poison Magic
  1651 | D:2      | Reached XP level 5. HP: 25/47 MP: 5/7
  1651 | D:2      | Reached XP level 6. HP: 28/53 MP: 5/8
  1676 | D:2      | Noticed Natasha
  1686 | D:2      | Killed Natasha
  1820 | D:2      | Noticed Natasha
  1830 | D:2      | Killed Natasha
  2054 | D:2      | Reached skill level 5 in Axes
  2845 | D:3      | Found a faded altar of an unknown god.
  2957 | D:4      | Reached XP level 7. HP: 59/59 MP: 10/10
  2967 | D:4      | Reached skill level 7 in Armour
  3009 | D:4      | Found a runed translucent door.
  3010 | D:4      | Noticed Crazy Yiuf
  3017 | D:4      | Killed Crazy Yiuf
  3381 | D:4      | Found a glowing drain.
  3386 | Sewer    | Entered a sewer
  4810 | D:5      | Entered Level 5 of the Dungeon
  4819 | D:4      | Reached XP level 8. HP: 62/67 MP: 10/12
  4919 | D:5      | Noticed Blork the orc
  4929 | D:5      | Killed Blork the orc
  5534 | D:5      | Noticed Prince Ribbit
  5551 | D:5      | Killed Prince Ribbit
  5864 | D:5      | Reached XP level 9. HP: 64/72 MP: 11/14
  6027 | D:5      | Identified the +0 scale mail of Sif Muna's Outrage {rElec
                  | rPois Str-2}
  6436 | D:6      | You fall into a shaft and drop 3 floors!
  6801 | D:9      | Reached skill level 8 in Armour
  6995 | D:8      | Reached skill level 5 in Invocations
  7419 | D:8      | Noticed Erica
  7433 | D:8      | Killed Erica
  7434 | D:8      | Reached XP level 10. HP: 73/80 MP: 13/17
  7493 | D:8      | Reached skill level 5 in Short Blades
  7493 | D:8      | Reached skill level 5 in Long Blades
  7493 | D:8      | Reached skill level 5 in Maces & Flails
  7493 | D:8      | Reached skill level 5 in Polearms
  7493 | D:8      | Reached skill level 5 in Staves
  7493 | D:8      | Reached skill level 5 in Slings
  7493 | D:8      | Reached skill level 5 in Bows
  7493 | D:8      | Reached skill level 5 in Crossbows
  7493 | D:8      | Reached skill level 5 in Throwing
  7493 | D:8      | Reached skill level 5 in Dodging
  7493 | D:8      | Reached skill level 5 in Stealth
  7493 | D:8      | Reached skill level 5 in Unarmed Combat
  7493 | D:8      | Reached skill level 5 in Spellcasting
  7493 | D:8      | Reached skill level 5 in Evocations
  8361 | D:7      | Noticed a two-headed ogre
  8361 | D:7      | Noticed a cyan ugly thing
  9036 | D:6      | Noticed Dowan
  9040 | D:6      | Noticed Duvessa
  9048 | D:6      | Killed Duvessa
  9049 | D:6      | Killed Dowan
  9060 | D:6      | Identified the +11 spear "Nenon" {venom, Int+4}
  9469 | D:6      | Identified the +1 robe of the Flute {Harm rPois rC- SInv}
  9971 | D:7      | Found a staircase to the Ecumenical Temple.
 10045 | D:7      | Noticed a four-headed hydra
 10050 | D:7      | Killed a cyan ugly thing
 10058 | D:7      | Killed a four-headed hydra
 10059 | D:7      | Reached XP level 11. HP: 37/87 MP: 9/19
 10185 | D:7      | Killed a two-headed ogre
 10186 | D:7      | Reached skill level 9 in Armour
 10186 | D:7      | Reached skill level 5 in Conjurations
 10186 | D:7      | Reached skill level 5 in Hexes
 10186 | D:7      | Reached skill level 5 in Summonings
 10186 | D:7      | Reached skill level 5 in Necromancy
 10186 | D:7      | Reached skill level 5 in Translocations
 10186 | D:7      | Reached skill level 5 in Transmutations
 10186 | D:7      | Reached skill level 5 in Fire Magic
 10186 | D:7      | Reached skill level 5 in Ice Magic
 10186 | D:7      | Reached skill level 5 in Air Magic
 10186 | D:7      | Reached skill level 5 in Earth Magic
 10186 | D:7      | Reached skill level 5 in Poison Magic
 10694 | Temple   | Entered the Ecumenical Temple
 10756 | Temple   | Became a worshipper of Warmaster Okawaru
 11493 | D:9      | Found a glowing silver altar of Zin.
 11493 | D:9      | Noticed an angel
 11599 | D:10     | Entered Level 10 of the Dungeon
 11741 | D:10     | Reached * piety under Okawaru
 11816 | D:10     | Found a flagged portal.
 11829 | Bailey   | Entered a bailey
 12246 | Bailey   | Noticed an orc knight
 12255 | Bailey   | Killed an orc knight
 12255 | Bailey   | Reached ** piety under Okawaru
 12270 | Bailey   | Identified the +0 long sword of Jyzuxkopt {flame, rC+ SInv}
 12337 | Bailey   | Learned a level 3 spell: Frozen Ramparts
 12709 | D:10     | Noticed a cyclops
 12718 | D:10     | Killed a cyclops
 12822 | D:10     | Noticed a deep elf pyromancer
 12823 | D:10     | Noticed a death knight
 12827 | D:10     | Noticed a boulder beetle
 12828 | D:10     | Killed a deep elf pyromancer
 12831 | D:10     | Identified the amulet "Meyxkied" {rElec Regen+ Stlth+}
 12840 | D:10     | Killed a boulder beetle
 12840 | D:10     | Reached *** piety under Okawaru
 12841 | D:10     | Reached XP level 12. HP: 69/96 MP: 13/22
 12857 | D:10     | Identified the ring of Conversion {rF+ rCorr AC+4 SInv}
 12857 | D:10     | Noticed a centaur warrior
 12867 | D:10     | Killed a centaur warrior
 12878 | D:10     | Killed a death knight
 12885 | D:10     | Received a gift from Okawaru
 13190 | D:10     | Identified the ring of Tiuptol {+Blink rPois Int+2}
 13210 | D:10     | Identified the amulet of Tyus Erch {Reflect Will++ SH+5}
 13230 | D:10     | Noticed a two-headed ogre
 13244 | D:10     | Reached **** piety under Okawaru
 13252 | D:10     | Killed a two-headed ogre
 13546 | D:10     | Noticed a two-headed ogre
 13558 | D:10     | Killed a two-headed ogre
 13589 | D:10     | Identified the ring "Tymed" {rF+ Str+5}
 14239 | D:11     | Received a gift from Okawaru
 14289 | D:11     | Reached skill level 10 in Fighting
 14289 | D:11     | Reached skill level 10 in Armour
 14289 | D:11     | Reached skill level 10 in Shields
 14321 | D:11     | Found a staircase to the Orcish Mines.
 14365 | Orc:1    | Entered Level 1 of the Orcish Mines
 14479 | Orc:1    | Received a gift from Okawaru
 14496 | Orc:1    | Noticed an orc warlord
 14526 | Orc:1    | Killed an orc warlord
 14526 | Orc:1    | Reached ***** piety under Okawaru
 14699 | Orc:1    | Noticed an ettin
 14713 | Orc:1    | Killed an ettin
 14713 | Orc:1    | Received a gift from Okawaru
 14869 | Orc:2    | Entered Level 2 of the Orcish Mines
 14869 | Orc:2    | Noticed Josephine
 14869 | Orc:2    | Found a staircase to the Elven Halls.
 14880 | Orc:1    | Reached XP level 13. HP: 99/103 MP: 24/24
 14961 | Orc:1    | Killed Josephine
 15012 | Orc:1    | Received a gift from Okawaru
 15134 | Orc:1    | Received a gift from Okawaru
 15557 | Orc:2    | Found Inlid's Armour Emporium.
 15565 | Orc:2    | Received a gift from Okawaru
 15612 | Orc:2    | Reached ****** piety under Okawaru
 15666 | Orc:2    | Found Byimp's General Store.
 15672 | Orc:2    | Bought the +7 chain mail of Decaying Freedom {rC+++ Regen+
                  | Int-5 SInv} for 827 gold pieces
 15770 | Orc:2    | Identified the +5 ring mail of Toruorab {rC+ Dex+4}
                  | (Okawaru gifted it to you on level 2 of the Orcish Mines)
 15770 | Orc:2    | Received a gift from Okawaru
 15975 | Orc:2    | Found Utiked's General Store.
 15976 | Orc:2    | Found Woyhuin's Assorted Antiques.
 16582 | D:11     | Found a large runed translucent door.
 16583 | D:11     | Found a large runed translucent door.
 16584 | D:11     | Noticed RatsInWalls's ghost (journeyman TrCK)
 16794 | D:11     | Reached XP level 14. HP: 111/111 MP: 26/26
 16910 | D:11     | Found Qolaedor's Book Shoppe.
 16957 | D:11     | Noticed Fannar
 16976 | D:11     | Killed Fannar
 16977 | D:11     | Reached skill level 10 in Axes
 17013 | D:11     | Found a staircase to the Lair.
 17184 | Lair:1   | Entered Level 1 of the Lair of Beasts
 17416 | Lair:1   | Reached skill level 11 in Armour
 18210 | Lair:2   | Reached skill level 10 in Invocations
 18350 | Lair:2   | Identified the +10 hand axe of Focus {pain, +Blink rCorr}
                  | (Okawaru gifted it to you on level 2 of the Lair of Beasts)
 18350 | Lair:2   | Received a gift from Okawaru
 19276 | Lair:3   | Received a gift from Okawaru
 19308 | Lair:3   | Received a gift from Okawaru
 19429 | Lair:3   | Found a snail-covered altar of Cheibriados.
 20248 | Lair:4   | Identified the +0 robe of Dogma {+Inv Will- Str+6 Archmagi}
 20262 | Lair:4   | Found a staircase to the Swamp.
 20447 | Lair:4   | Found a staircase to the Snake Pit.
 20504 | Lair:4   | Identified the +9 plate armour of Gakk {rPois rCorr}
                  | (Okawaru gifted it to you on level 4 of the Lair of Beasts)
 20504 | Lair:4   | Received a gift from Okawaru
 20505 | Lair:4   | Reached XP level 15. HP: 113/119 MP: 28/28
 20557 | Lair:4   | Noticed Rupert
 20576 | Lair:4   | Killed Rupert
 21389 | Lair:5   | Found a dark tunnel.
 21405 | Volcano  | Entered a volcano
 21486 | Volcano  | Reached skill level 10 in Short Blades
 21486 | Volcano  | Reached skill level 10 in Long Blades
 21486 | Volcano  | Reached skill level 10 in Maces & Flails
 21486 | Volcano  | Reached skill level 10 in Polearms
 21486 | Volcano  | Reached skill level 10 in Staves
 21486 | Volcano  | Reached skill level 10 in Slings
 21486 | Volcano  | Reached skill level 10 in Bows
 21486 | Volcano  | Reached skill level 10 in Crossbows
 21486 | Volcano  | Reached skill level 10 in Throwing
 21486 | Volcano  | Reached skill level 10 in Dodging
 21486 | Volcano  | Reached skill level 10 in Stealth
 21486 | Volcano  | Reached skill level 10 in Unarmed Combat
 21486 | Volcano  | Reached skill level 10 in Spellcasting
 21486 | Volcano  | Reached skill level 10 in Evocations
 21590 | Volcano  | Got Sif Muna's Guide on Air
 21956 | Lair:5   | Received a gift from Okawaru
 22408 | Lair:5   | Learned a level 4 spell: Olgreb's Toxic Radiance
 22435 | Lair:5   | Found a viscous altar of Jiyva.
 22435 | Lair:5   | Found a staircase to the Slime Pits.
 23055 | Lair:6   | Entered Level 6 of the Lair of Beasts
 23077 | Lair:5   | Received a gift from Okawaru
 23223 | Lair:6   | Reached skill level 12 in Armour
 23245 | Lair:6   | Found a hide-covered altar of Uskayaw.
 23831 | Lair:6   | Received a gift from Okawaru
 23832 | Lair:6   | Reached XP level 16. HP: 121/127 MP: 30/30
 24995 | D:12     | Learned a level 4 spell: Animate Armour
 25062 | D:12     | Noticed a storm dragon
 25093 | D:12     | Killed a storm dragon
 25093 | D:12     | Received a gift from Okawaru
 25120 | D:12     | Received a gift from Okawaru
 25185 | D:12     | Identified the +2 pair of gloves "Tengoog" {MP+9 Int+6}
                  | (Okawaru gifted it to you on level 12 of the Dungeon)
 25185 | D:12     | Received a gift from Okawaru
 25214 | D:12     | Learned a level 5 spell: Freezing Cloud
 25220 | D:12     | Learned a level 5 spell: Irradiate
 25852 | D:12     | Learned a level 2 spell: Wereblood
 26128 | D:13     | Noticed Erolcha
 26139 | D:13     | Killed Erolcha
 26158 | D:13     | Noticed Jorgrun
 26187 | D:13     | Killed Jorgrun
 27883 | D:14     | Found a gate to the Vaults.
 28180 | D:15     | Entered Level 15 of the Dungeon
 28209 | D:15     | Noticed Nessos
 28220 | D:15     | Killed Nessos
 28226 | D:15     | Identified the +6 quarterstaff of the Mind {elec, *Rage
                  | Str+5 Int+4}
 28451 | D:15     | Identified Roxanne's Compendium of Transformation
 28451 | D:15     | Noticed Roxanne
 28496 | D:15     | Killed Roxanne
 28503 | D:15     | Learned a level 3 spell: Ignite Poison
 28692 | D:15     | Received a gift from Okawaru
 28693 | D:15     | Reached XP level 17. HP: 118/135 MP: 32/32
 28776 | D:15     | Received a gift from Okawaru
 28854 | D:15     | Found a staircase to the Depths.
 29048 | Depths:1 | Entered Level 1 of the Depths
 29229 | D:15     | Received a gift from Okawaru
 29481 | Depths:1 | Received a gift from Okawaru
 29604 | Depths:1 | Found a stormy altar of Qazlal.
 29648 | Depths:1 | Reached skill level 13 in Armour
 30086 | Depths:1 | Reached skill level 10 in Conjurations
 30086 | Depths:1 | Reached skill level 10 in Hexes
 30086 | Depths:1 | Reached skill level 10 in Summonings
 30086 | Depths:1 | Reached skill level 10 in Necromancy
 30086 | Depths:1 | Reached skill level 10 in Translocations
 30086 | Depths:1 | Reached skill level 10 in Transmutations
 30086 | Depths:1 | Reached skill level 10 in Fire Magic
 30086 | Depths:1 | Reached skill level 10 in Ice Magic
 30086 | Depths:1 | Reached skill level 10 in Air Magic
 30086 | Depths:1 | Reached skill level 10 in Earth Magic
 30086 | Depths:1 | Reached skill level 10 in Poison Magic
 30190 | Depths:1 | Noticed a lich
 30203 | Depths:1 | Received a gift from Okawaru
 30330 | D:15     | Killed a lich
 30474 | Depths:1 | Found a gateway to Hell.
 30755 | Depths:2 | Noticed a lich
 30778 | Depths:2 | Killed a lich
 30779 | Depths:2 | Reached XP level 18. HP: 93/143 MP: 33/33
 30792 | Depths:2 | Received a gift from Okawaru
 30867 | Depths:2 | Found a shadowy altar of Dithmenos.
 31340 | Depths:2 | Received a gift from Okawaru
 31763 | Depths:2 | Identified the +7 quick blade "Kegoloqo" {freeze, MP+9}
                  | (Okawaru gifted it to you on level 2 of the Depths)
 31763 | Depths:2 | Received a gift from Okawaru
 32167 | Snake:1  | Entered Level 1 of the Snake Pit
 32304 | Snake:1  | Noticed Aizul
 32334 | Snake:1  | Killed Aizul
 33618 | Snake:2  | Gained mutation: Armour fits poorly on your strangely
                  | shaped body. [potion of mutation]
 33618 | Snake:2  | Gained mutation: You sometimes lose the ability to read
                  | scrolls when taking damage. [potion of mutation]
 33619 | Snake:2  | Lost mutation: Armour fits poorly on your strangely shaped
                  | body. [potion of mutation]
 33619 | Snake:2  | Lost mutation: You sometimes lose the ability to read
                  | scrolls when taking damage. [potion of mutation]
 33619 | Snake:2  | Gained mutation: You are weak. (Str -2) [potion of
                  | mutation]
 33619 | Snake:2  | Gained mutation: Your system is resistant to poisons.
                  | (rPois) [potion of mutation]
 33619 | Snake:2  | Gained mutation: You have a pair of small horns on your
                  | head. [potion of mutation]
 33619 | Snake:2  | Gained mutation: You are robust. (+10% HP) [potion of
                  | mutation]
 33849 | Snake:2  | Received a gift from Okawaru
 33948 | Snake:2  | You fall into a shaft and drop 1 floor!
 34549 | Snake:2  | Found Raug's Weapon Shoppe.
 34704 | Snake:2  | Found Anyruog's Overcharged Wands.
 34993 | Snake:3  | Reached skill level 14 in Armour
 35190 | Snake:3  | Found Fyvej's Book Shoppe.
 35194 | Snake:3  | Bought a manual of Crossbows for 880 gold pieces
 35196 | Snake:3  | Found Yroulis's General Store.
 35734 | Snake:4  | Entered Level 4 of the Snake Pit
 35755 | Snake:4  | Found Zuamakh's Jewellery Shop.
 35763 | Snake:4  | Bought the ring of the Final Decision {rPois rC- EV+4 Str+4
                  | Slay+3} for 918 gold pieces
 35888 | Snake:4  | Received a gift from Okawaru
 36048 | Snake:4  | Reached XP level 19. HP: 164/166 MP: 35/35
 36208 | Snake:4  | Noticed Vashnia
 36305 | Snake:4  | Received a gift from Okawaru
 37068 | Snake:4  | Killed Vashnia
 37082 | Snake:4  | Lost mutation: You are robust. (+10% HP) [mutagenic glow]
 37181 | Snake:4  | Received a gift from Okawaru
 37431 | Snake:4  | Got a serpentine rune of Zot
 37486 | Snake:4  | Noticed Mara
 37509 | Snake:4  | Killed Mara
 37509 | Snake:4  | Received a gift from Okawaru
 37509 | Snake:4  | Received a gift from Okawaru
 37985 | Vaults:1 | Entered Level 1 of the Vaults
 38016 | Vaults:1 | Received a gift from Okawaru
 38086 | Vaults:1 | Found Ajeler's Distillery.
 38515 | Vaults:1 | Reached skill level 15 in Armour
 39028 | Vaults:1 | Reached XP level 20. HP: 153/160 MP: 37/37
 39912 | Elf:1    | Entered Level 1 of the Elven Halls
 39992 | Elf:1    | Found Larphu's Jewellery Boutique.
 39992 | Elf:1    | Found Baiceoho's Book Emporium.
 39993 | Elf:1    | Found Loggoekh's Jewellery Boutique.
 40006 | Elf:1    | Bought a book of Weapons for 384 gold pieces
 40010 | Elf:1    | Learned a level 3 spell: Portal Projectile
 40028 | Elf:1    | Found Solonemo's General Store.
 40081 | Elf:1    | Received a gift from Okawaru
 40115 | Elf:1    | Learned a level 4 spell: Sticky Flame
 40501 | Elf:1    | Got Pareryus's Disquisition on Attacks
 40750 | Elf:1    | Found a portal to a secret trove of treasure.
 41197 | Elf:2    | Found a runed translucent gate.
 41199 | Elf:2    | Found a runed translucent gate.
 41199 | Elf:2    | Found a runed translucent gate.
 41394 | Elf:2    | Paralysed by an air elemental for 1 turns
 41513 | Elf:2    | Received a gift from Okawaru
 42247 | Elf:2    | Received a gift from Okawaru
 42423 | Elf:2    | Received a gift from Okawaru
 42699 | Elf:3    | Entered Level 3 of the Elven Halls
 42727 | Elf:3    | Received a gift from Okawaru
 42753 | Elf:3    | Received a gift from Okawaru
 42754 | Elf:3    | Reached skill level 16 in Armour
 42982 | Elf:3    | Identified the +10 great sword "Witinei" {protect, Drain
                  | rF+++ Str+3 Int+2 SInv}
 42993 | Elf:3    | Reached XP level 21. HP: 123/164 MP: 31/38
 43116 | Elf:3    | Identified the +8 trident of Risk Management {freeze,
                  | +Blink +Rage rCorr Int-2}
 43136 | Elf:3    | Identified the ring "Sirgh" {Ice Dex+2}
 43246 | Elf:3    | Reached skill level 15 in Crossbows
 43268 | Elf:3    | Identified the +9 hunting sling "Soqus" {venom, rF- rN+
                  | rCorr} (Okawaru gifted it to you on level 3 of the Elven
                  | Halls)
 43268 | Elf:3    | Received a gift from Okawaru
 43274 | Elf:3    | Reached skill level 15 in Fighting
 43274 | Elf:3    | Reached skill level 15 in Shields
 43359 | Elf:3    | Found Mucane's Book Boutique.
 43387 | Elf:3    | Bought an Inescapable Atlas for 510 gold pieces
 43394 | Elf:3    | Learned a level 6 spell: Statue Form
 43558 | Elf:3    | Found the +6 lightning scales {swift, rElec}
 43609 | Elf:3    | Identified the +1 ring mail of Wonliaf {Str+3}
 43612 | Elf:3    | Identified the +1 scale mail of Conscience {*Corrode rElec
                  | rPois Dex+9}
 43640 | Elf:3    | Identified the +5 shortbow of Yhaovirr {vorpal, rElec rC++
                  | Str-5 Int+2}
 43736 | Elf:3    | Identified the +4 triple sword of Agony {pain, *Slow rElec
                  | rPois Will-}
 43794 | Elf:3    | Identified the +3 leather armour of Sar Wits {Harm Str-2
                  | Dex+7 SInv}
 43969 | Elf:3    | Reached skill level 15 in Invocations
 44025 | Elf:3    | Learned a level 5 spell: Manifold Assault
 44102 | Elf:3    | Got Cigotuvi's Handbook of Black Arts
 44481 | Swamp:1  | Entered Level 1 of the Swamp
 44703 | Swamp:1  | Received a gift from Okawaru
 45073 | Swamp:1  | Found a basalt altar of Yredelemnul.
 45581 | Swamp:2  | Found a frozen archway.
 45617 | IceCv    | Entered an ice cave
 45915 | IceCv    | Received a gift from Okawaru
 46295 | Swamp:2  | Reached skill level 17 in Armour
 46644 | Swamp:2  | Found a runed translucent door.
 46646 | Swamp:2  | Noticed xfalz's ghost (journeyman GnSk)
 46647 | Swamp:2  | Found a shimmering altar of Xom.
 46671 | Swamp:2  | Killed xfalz's ghost
 46672 | Swamp:2  | Reached XP level 22. HP: 176/176 MP: 40/40
 46676 | Swamp:2  | Identified the ring of Zir Ses {Contam rF+ rN+ Will+ Str+2
                  | Dex+2}
 47120 | Swamp:3  | Identified the ring "Qimior" {rF+ rC++ EV+4 Str-5 Dex+3}
 47377 | Swamp:3  | Received a gift from Okawaru
 47522 | Swamp:4  | Entered Level 4 of the Swamp
 47524 | Swamp:4  | Noticed Kirke
 47539 | Swamp:4  | Killed Kirke
 47638 | Swamp:4  | Reached skill level 15 in Axes
 47703 | Swamp:4  | Reached skill level 15 in Stealth
 48051 | Swamp:4  | Identified the ring "Enaoblum" {Ice rElec Slay+2}
 48189 | Swamp:4  | Noticed Nikola
 48221 | Swamp:4  | Killed Nikola
 48357 | Swamp:4  | Received a gift from Okawaru
 48413 | Swamp:4  | Learned a level 6 spell: Starburst
 48501 | Swamp:4  | Got a decaying rune of Zot
 49025 | Depths:3 | Noticed Louise
 49030 | Depths:3 | Found a one-way gate to the infinite horrors of the Abyss.
 49044 | Depths:3 | Killed Louise
 49375 | Depths:3 | Noticed a golden dragon
 49401 | Depths:3 | Killed a golden dragon
 49498 | Depths:3 | Identified the +4 hunting sling "Kugion" {speed, Dex+8}
 50449 | Depths:4 | Found a transporter.
 50451 | Depths:4 | Found a viscous altar of Jiyva.
 50750 | Depths:4 | Found a transporter.
 51132 | Depths:4 | Identified the +0 robe of Okawaru's Generosity {Harm +Blink
                  | Regen+ Str-5} (Okawaru gifted it to you on level 4 of the
                  | Depths)
 51132 | Depths:4 | Received a gift from Okawaru
 51140 | Depths:4 | Reached XP level 23. HP: 183/183 MP: 41/41
 51190 | Depths:4 | Reached skill level 18 in Armour
 51431 | Depths:5 | Entered Level 5 of the Depths
 51782 | Depths:4 | Reached skill level 15 in Short Blades
 51782 | Depths:4 | Reached skill level 15 in Long Blades
 51782 | Depths:4 | Reached skill level 15 in Maces & Flails
 51782 | Depths:4 | Reached skill level 15 in Polearms
 51782 | Depths:4 | Reached skill level 15 in Staves
 51782 | Depths:4 | Reached skill level 15 in Slings
 51782 | Depths:4 | Reached skill level 15 in Bows
 51782 | Depths:4 | Reached skill level 15 in Throwing
 51782 | Depths:4 | Reached skill level 15 in Dodging
 51782 | Depths:4 | Reached skill level 15 in Unarmed Combat
 51782 | Depths:4 | Reached skill level 15 in Spellcasting
 51782 | Depths:4 | Reached skill level 15 in Evocations
 51941 | Depths:5 | Found a gateway to a ziggurat.
 51953 | Depths:5 | Noticed a golden dragon
 51964 | Depths:5 | Killed a golden dragon
 52002 | Depths:5 | Noticed a golden dragon
 52133 | Depths:5 | Noticed a golden dragon
 52766 | Depths:5 | Killed a golden dragon
 52766 | Depths:5 | Received a gift from Okawaru
 52978 | Depths:5 | Identified the +2 rapier "Zuvvuag" {freeze, *Slow rElec
                  | rC+}
 53102 | Depths:5 | Noticed a golden dragon
 53163 | Depths:5 | Killed a golden dragon
 53202 | Zig:1    | Entered Level 1 of a ziggurat
 53252 | Zig:2    | Entered Level 2 of a ziggurat
 53276 | Zig:3    | Entered Level 3 of a ziggurat
 53300 | Zig:3    | Noticed a shard shrike
 53305 | Zig:3    | HP: 9/185 [spriggan defender simulacrum[an orange crystal
                  | statue] (8)]
 53305 | Zig:3    | HP: 4/185 [ice dragon/blast of cold[an orange crystal
                  | statue] (5)]
 53305 | Zig:3    | Slain by a spriggan defender simulacrum

Illustrated notes

Levels and vault maps discovered:
D:1:      erik_arrival_cave_to_civilisation [erik_arrival_cave_to_hall],
          layout_basic
D:2:      wander_river, layout_loops_ring, basic_altar, uniq_sigmund,
          uniq_natasha
D:3:      layout_loops_ring, shapermc_ecumenical_altar_hornbeckon
D:4:      layout_loops_ring, lightli_sewer_entry_pipes,
          chequers_serial_rivers_room_b, uniq_crazy_yiuf_cottage
D:5:      minmay_recursive_quarters, layout_basic, chequers_big_river,
          uniq_prince_ribbit1, uniq_blork_the_orc
D:6:      layout_loops_corners, minmay_fire_ice_demons, uniq_duvessa
D:7:      minmay_chambers_of_sevens, layout_gridville,
          minmay_temple_entry_from_below_a
D:8:      layout_basic, uniq_erica
D:9:      layout_irregular_city, zin_angel
D:10:     minmay_the_grid_triangle_9x9_recursive_2
          [minmay_the_grid_triangle_9x9_prize_special,
          minmay_the_grid_triangle_9x9_zippers_horizontal,
          minmay_the_grid_triangle_9x9_stretched_checkered,
          minmay_the_grid_triangle_9x9_steps], layout_cave_pods, enter_bailey_3,
          kennysheep_generic_room_10
D:11:     layout_loops_ring, lair_entry_dummy, david_orc_5, serial_shops,
          nicolae_square_shop, ebering_ghost_disaster_area, uniq_fannar
D:12:     hangedman_cross_veins, layout_layer_cave, gauntlet_entry_generic,
          drop_trap
D:13:     layout_basic, serial_glass, glass_columns_b, glass_columns_b,
          glass_columns_a, glass_columns_c, glass_columns_a, glass_columns_a,
          glass_columns_a, glass_columns_a, glass_columns_a, glass_columns_a,
          minivault_16, columned_hall_lemuel, bh_walls_and_bars, uniq_jorgrun,
          uniq_erolcha
D:14:     layout_layer_cave, david_vaults_1, serial_park_paths
          [serial_park_minivault_5x5_5]
D:15:     gammafunk_enter_depths_forms, layout_rooms, nicolae_twisting_strands,
          minmay_misc_feat_rugged, uniq_roxanne, uniq_nessos
Temple:   compressed_dpeg_triangle_lava_temple
Lair:1:   layout_chaotic_city, nicolae_quartered_pool_super,
          infiniplex_staircase_pool
Lair:2:   layout_cave_pods
Lair:3:   layout_cellular_growth, kennysheep_snail_temple
Lair:4:   layout_regular_city, swamp_mist, minmay_snake_entry_guardpost_small,
          serial_bayou_shore_b, uniq_rupert
Lair:5:   nzn_winding_woodlands_cross
          [nzn_winding_woodlands_5x15_pathside_ponds,
          nzn_winding_woodlands_5x15_eye, nzn_winding_woodlands_5x15_concentric,
          nzn_winding_woodlands_5x15_sidewinder,
          nzn_winding_woodlands_15x15_boxy_spiral], layout_long_grid,
          slime_altar_1, nicolae_volcano_entry_vermiform, beast_lair_carwin_9
Lair:6:   grunt_lair_end_beastmaster, layout_cave_pods, lemuel_oklob_altar
Swamp:1:  layout_basic_swamp, nicolae_swamp_bean_lake, grunt_ruined_hall
Swamp:2:  layout_falls_marsh, portal_ice_cave_entry_ice_simulacra,
          ebering_ghost_xom, hangedman_swamp_ruin_wall, swamp_pool1
Swamp:3:  layout_basic_swamp, evilmike_swamp_ruin_house_4, swamp_pool1
Swamp:4:  swamp_alternative, layout_basic_swamp, swamp_pool2, uniq_nikola,
          uniq_kirke
Snake:1:  nicolae_snake_attic_fulla_snakes, layout_grid_maze, uniq_aizul
Snake:2:  layout_cave_pods, nicolae_shop_overcharged_wands, minmay_shop_star,
          grunt_megastairs_1
Snake:3:  layout_grid_shapes, grunt_ministairs_13, grunt_megastairs_2,
          minmay_shoptagon, serial_bayou_shore_a
Snake:4:  grunt_snake_rune_serpentine_throne, layout_chambers, special_room,
          serial_shops, shop, nicolae_snake_gridmaze_entwining, st_stairs_12,
          lemuel_fruit_tree, uniq_mara, uniq_vashnia
Orc:1:    layout_caves
Orc:2:    st_orc_open, layout_caves, basic_altar, uniq_josephine
Elf:1:    minmay_firetagon, layout_gridlike, serial_shops,
          nicolae_shop_competitors_out_of_business, enter_trove_3,
          minmay_elf_annihilation, minmay_shop_grove
Elf:2:    nicolae_elf_blades_crystal_corner, layout_gridlike,
          serial_co_window_serial, co_window_corner_a,
          co_window_of_opportunity_a, co_window_corner_a, co_window_corner_a,
          co_window_paths_a, co_window_paths_a, co_window_paths_a,
          co_window_corner_a, co_window_paths_b, co_window_broadway_b,
          co_window_unsneaky_path_a, co_window_of_opportunity_b,
          co_window_corner_b, glass_columns_c, glass_columns_a, glass_columns_b,
          corexii_leaking_fountain, uniq_louise
Elf:3:    minmay_elf_hall_quartered_circle, layout_geoelf_octagon, serial_shops,
          shop, minmay_elf_necromancy
Vaults:1: hangedman_vaults_capsules, vaults_standard_mumra_x, vaults_dpeg_hooks,
          v_misc_12, vaults_standard_mumra_enter_the_diamond,
          ontoclasm_vaults_idyll, nicolae_vaults_shelves_hall, v_misc_12,
          ontoclasm_vaults_misaligned, nicolae_vaults_network_periphery,
          nicolae_vaults_little_squares_2, grunt_vaults_diagonal,
          nicolae_vaults_shelves_hall, layout_vaults_chaotic_city, serial_shops,
          shop_coins
Depths:1: layout_cave_pools, nicolae_qazlal_style_of_elements, hell_entry,
          hangedman_decor_diamond_cutter, minmay_misc_feat_doors,
          chequers_serial_rivers_small_a, lemuel_nasty_fountain
Depths:2: lemuel_flame_loot_2, layout_long_grid, infiniplex_staircase_pool_2,
          hell_entry, st_stairs_2, grunt_dithmenos_smoke, grunt_megastairs_5
Depths:3: kennysheep_blocky_room, layout_long_grid, grunt_pan_entry_sceptre,
          nicolae_abyss_entry_one_way_or_another, hangedman_tar_grid_catacomb,
          minmay_tree_intersection, minmay_statues_item
Depths:4: gammafunk_jiyva_shrine, layout_gridlike,
          minmay_misc_feat_four_crosses, hangedman_abyss_entry_splay,
          hell_entry, abandoned_shop
Depths:5: evilmike_zot_entry_castle, layout_cave_shapes, enter_ziggurat_f,
          old_standard_altar, lightli_too_deep, grunt_ministairs_13,
          hangedman_stitches_earthworm, serial_bayou_shore_b
Zig:3

Skill      XL: |  1  2  3  4  5  6  7  8  9 10 11 12 13 14 15 16 17 18 19 20 21 22 23 |
---------------+----------------------------------------------------------------------+-----
Short Blades   | 1 2 3 4 5 6 7 8 9 10 11 12 13 14 15 | 15.3
Long Blades    | 1 2 3 4 5 6 7 8 9 10 11 12 13 14 15 | 15.3
Maces & Flails | 1 2 3 4 5 6 7 8 9 10 11 12 13 14 15 | 15.3
Polearms       | 1 2 3 4 5 6 7 8 9 10 11 12 13 14 15 | 15.3
Staves         | 1 2 3 4 5 6 7 8 9 10 11 12 13 14 15 | 15.3
Slings         | 1 2 3 4 5 6 7 8 9 10 11 12 13 14 15 | 15.3
Bows           | 1 2 3 4 5 6 7 8 9 10 11 12 13 14 15 | 15.3
Crossbows      | 1 2 3 4 5 6 7 8 9 10 11 12 13 14 15 16 17 | 17.5
Throwing       | 1 2 3 4 5 6 7 8 9 10 11 12 13 14 15 | 15.3
Dodging        | 1 2 3 4 5 6 7 8 9 10 11 12 13 14 15 | 15.3
Stealth        | 1 2 3 4 5 6 7 8 9 10 11 12 13 14 15 16 | 16.5
Unarmed Combat | 1 2 3 4 5 6 7 8 9 10 11 12 13 14 15 | 15.3
Spellcasting   | 1 2 3 4 5 6 7 8 9 10 11 12 13 14 15 | 15.3
Invocations    | 1 2 3 4 5 6 7 8 9 10 11 12 13 14 15 16 | 16.4
Evocations     | 1 2 3 4 5 6 7 8 9 10 11 12 13 14 15 | 15.3
Conjurations   | 1 2 3 4 5 6 7 8 9 10 11 12 13 | 13.2
Hexes          | 1 2 3 4 5 6 7 8 9 10 11 12 13 | 13.2
Summonings     | 1 2 3 4 5 6 7 8 9 10 11 12 13 | 13.2
Necromancy     | 1 2 3 4 5 6 7 8 9 10 11 12 13 | 13.2
Translocations | 1 2 3 4 5 6 7 8 9 10 11 12 13 | 13.2
Transmutations | 1 2 3 4 5 6 7 8 9 10 11 12 13 | 13.2
Fire Magic     | 1 2 3 4 5 6 7 8 9 10 11 12 13 | 13.2
Ice Magic      | 1 2 3 4 5 6 7 8 9 10 11 12 13 | 13.2
Air Magic      | 1 2 3 4 5 6 7 8 9 10 11 12 13 | 13.2
Earth Magic    | 1 2 3 4 5 6 7 8 9 10 11 12 13 | 13.2
Poison Magic   | 1 2 3 4 5 6 7 8 9 10 11 12 13 | 13.2
Axes           | 5 6 7 8 9 10 11 12 13 14 15 | 15.8
Fighting       | 7 8 9 10 11 12 13 14 15 16 | 16.3
Armour         | 7 8 9 10 11 12 13 14 15 16 17 18 | 18.5
Shields        | 7 8 9 10 11 12 13 14 15 16 | 16.3

Action                   |  1- 3 |  4- 6 |  7- 9 | 10-12 | 13-15 | 16-18 | 19-21 | 22-24 || total
-------------------------+-------+-------+-------+-------+-------+-------+-------+-------++-------
Melee: War axe           |    45 |    70 |   291 |    38 |       |       |       |       ||   444
       Bite              |     3 |     8 |    38 |    58 |   124 |   137 |   108 |    70 ||   546
       Morningstar       |       |       |    15 |    50 |     6 |       |       |       ||    71
       Whip              |       |       |    13 |       |       |       |       |       ||    13
       Short sword       |       |       |     8 |    24 |       |     1 |       |       ||    33
       Flail             |       |       |     3 |       |       |       |       |       ||     3
       Spear             |       |       |       |   397 |   732 |   265 |   119 |    16 ||  1529
       Long sword        |       |       |       |     9 |     5 |     5 |       |       ||    19
       Scimitar          |       |       |       |     9 |       |    64 |    32 |     7 ||   112
       Broad axe         |       |       |       |    13 |    78 |    86 |    65 |    26 ||   268
       Hand axe          |       |       |       |       |   175 |   647 |   548 |   326 ||  1696
       Headbutt          |       |       |       |       |       |    44 |   210 |   121 ||   375
       Quick blade       |       |       |       |       |       |    31 |    35 |     2 ||    68
       Trident           |       |       |       |       |       |       |    89 |    90 ||   179
 Fire: Hunting sling     |       |       |    18 |   198 |   362 |   100 |   460 |   687 ||  1825
       Hand crossbow     |       |       |       |    17 |   130 |   376 |   219 |    43 ||   785
       Fustibalus        |       |       |       |       |       |       |   140 |       ||   140
Throw: Stone             |    17 |    26 |    47 |     4 |       |       |       |       ||    94
       Dart              |       |       |     7 |     4 |     2 |     2 |     1 |     2 ||    18
       Throwing net      |       |       |     2 |       |       |       |       |       ||     2
 Cast: Frozen Ramparts   |       |       |       |     2 |    25 |       |     3 |       ||    30
       Olgreb's Toxic Ra |       |       |       |       |     3 |    24 |    18 |       ||    45
       Animate Armour    |       |       |       |       |       |     2 |     1 |       ||     3
       Ignite Poison     |       |       |       |       |       |    27 |     8 |       ||    35
       Wereblood         |       |       |       |       |       |     1 |       |       ||     1
       Irradiate         |       |       |       |       |       |       |     8 |     4 ||    12
       Portal Projectile |       |       |       |       |       |       |     5 |     2 ||     7
       Statue Form       |       |       |       |       |       |       |     1 |     2 ||     3
       Sticky Flame      |       |       |       |       |       |       |     1 |       ||     1
       Manifold Assault  |       |       |       |       |       |       |     1 |       ||     1
Invok: Heroism           |       |       |       |     4 |     2 |     1 |     1 |       ||     8
 Abil: Evoke Blink       |       |       |       |       |       |       |     1 |       ||     1
Evoke: Wand              |       |       |       |       |     1 |     2 |     3 |     1 ||     7
  Use: Scroll            |     4 |     4 |     6 |    10 |     6 |     5 |     5 |     1 ||    41
       Potion            |       |     2 |     1 |     3 |       |     4 |       |     1 ||    11
 Stab: Sleeping          |       |       |       |     3 |     3 |     4 |     2 |     2 ||    14
       Distracted        |       |       |       |     1 |       |       |       |       ||     1
       Petrified         |       |       |       |       |     2 |       |       |       ||     2
Armor: Scale mail        |    16 |    19 |    68 |   130 |    54 |       |       |       ||   287
       Chain mail        |       |       |    45 |       |   346 |   456 |   262 |   155 ||  1264
       Skin              |       |       |       |     3 |       |       |     1 |    39 ||    43
Dodge: Dodged            |     4 |    19 |    85 |   181 |   272 |   339 |   286 |   255 ||  1441
Block: Kite shield       |    17 |    34 |   173 |   249 |   438 |   659 |   425 |   336 ||  2331
       Reflection        |       |       |       |       |       |     9 |       |     9 ||    18
       Rpst.: Scimitar   |       |       |       |     5 |       |     5 |     1 |     1 ||    12
       Long sword        |       |       |       |     2 |       |       |       |       ||     2
